Map: Jagannatha LE

Players

Lambo - Winner!

  • Race: Zerg Zerg

Gerald

  • Race: Protoss Protoss

Event: DreamHack SC2 Masters 2021 Winter

VOD

Have the link to the VOD?

Description

Time

  • Played on: Oct. 3, 2021, 12:54 p.m.
  • Length: 9:59

All games in this series

Show
View Real Time Build Order
Export as new Build Order

Lambo Zerg - Winner!

Build Orders: Hatch First 

Get SALT Encoding   

  12  0:00  Drone  
  13  0:12  Overlord  
  13  0:16  Drone  
  14  0:30  Drone x2  
  16  0:42  Drone  
  17  0:51  Hatchery  
  17  0:55  Drone  
  17  0:58  Drone  
  18  1:09  Extractor  
  17  1:13  Spawning Pool  
  17  1:18  Drone  
  17  1:20  Drone  
  18  1:28  Drone  
  20  1:40  Drone  
  20  1:52  Overlord  
  20  1:59  Queen  
  22  2:03  Queen  
  22  2:04  Drone, Zergling x2  
  26  2:10  Metabolic Boost  
  26  2:11  Zergling x2  
  26  2:14  Drone  
  28  2:21  Drone  
  29  2:26  Drone  
  30  2:32  Drone  
  31  2:38  Hatchery  
  31  2:41  Drone  
  31  2:47  Drone  
  31  2:48  Overlord  
  32  2:54  Queen  
  32  2:58  Zergling x2  
  35  3:00  Drone  
  36  3:09  Overlord  
  36  3:10  Queen  
  36  3:12  Zergling x2  
  39  3:13  Zergling x2  
  39  3:16  Zergling x2  
  39  3:17  Drone  
  39  3:19  Drone  
  43  3:22  Drone  
  44  3:30  Drone  
  43  3:34  Drone, Overlord  
  43  3:37  Drone, Queen  
  47  3:43  Drone  
  48  3:51  Overlord  
  48  3:53  Drone  
  48  3:54  Drone  
  48  3:55  Queen  
  50  3:58  Drone x3  
  50  3:59  Drone  
  56  4:03  Spore Crawler  
  56  4:05  Drone x2  
  56  4:07  Drone  
  56  4:09  Drone x2  
  60  4:11  Drone  
  60  4:15  Overlord  
  62  4:17  Drone  
  60  4:26  Drone, Overlord  
  60  4:27  Drone x2, Spore Crawler  
  60  4:30  Zergling x2  
  62  4:35  Drone x2  
  62  4:37  Roach Warren  
  62  4:38  Zergling x2  
  60  4:41  Drone x3  
  60  4:45  Extractor  
  62  4:46  Zergling x2  
  62  4:47  Extractor  
  62  4:48  Zergling x6  
  62  4:50  Drone  
  66  4:54  Drone x2  
  66  4:58  Spore Crawler  
  66  4:59  Overlord  
  67  5:02  Lair  
  67  5:05  Drone x2  
  69  5:08  Zergling x6  
  69  5:14  Overlord  
  72  5:17  Drone x5  
  73  5:21  Drone x3  
  73  5:23  Drone  
  77  5:28  Overlord  
  77  5:32  Roach  
  77  5:33  Roach  
  80  5:41  Roach x2  
  84  5:44  Roach, Overlord  
  84  5:45  Roach x3  
  84  5:47  Roach x2  
  96  5:51  Roach x2, Extractor  
  99  5:58  Overlord  
  99  6:01  Roach x4  
  101  6:07  Roach  
  101  6:08  Zergling x2  
  101  6:10  Roach  
  101  6:15  Queen  
  101  6:16  Drone x7  
  107  6:23  Drone, Glial Reconstitution  
  107  6:24  Extractor  
  107  6:25  Drone, Extractor  
  107  6:27  Evolution Chamber  
  107  6:28  Hydralisk Den  
  107  6:30  Drone  
  106  6:36  Drone  
  106  6:37  Overseer  
  106  6:39  Drone x2  
  109  6:41  Drone  
  109  6:42  Drone x2  
  112  6:47  Drone  
  112  6:48  Drone  
  112  6:49  Drone, Hatchery  
  114  6:55  Zerg Missile Weapons Level 1  
  114  6:58  Overlord  
  114  6:59  Overlord  
  114  7:00  Overlord  
  114  7:03  Grooved Spines  
  113  7:08  Overlord  
  113  7:10  Hydralisk  
  113  7:11  Hydralisk x2  
  119  7:18  Hydralisk x3  
  119  7:22  Hydralisk x2  
  129  7:25  Overlord  
  129  7:28  Roach x2  
  133  7:30  Overlord  
  133  7:32  Ravager x2  
  133  7:33  Ravager  
  133  7:34  Hydralisk  
  138  7:37  Roach  
  138  7:38  Roach x2  
  138  7:40  Roach  
  138  7:41  Overseer  
  138  7:43  Zergling x2, Roach  
  149  7:48  Roach x3  
  149  7:50  Roach  
  157  7:53  Roach x2  
  157  7:55  Roach  
  157  7:57  Roach  
  165  7:59  Roach  
  165  8:04  Roach x4  
  175  8:08  Overlord  
  175  8:09  Ravager  
  175  8:12  Overlord  
  176  8:14  Overlord  
  176  8:16  Overlord  
  176  8:17  Overlord  
  176  8:22  Overlord  
  176  8:27  Roach x2  
  176  8:30  Roach  
  182  8:34  Roach x7  
  182  8:37  Roach x2  
  182  8:41  Roach  
  194  8:44  Roach x2  
  194  8:46  Roach  
  193  8:49  Roach  
  193  8:51  Roach  
  193  8:54  Roach x2  
  185  8:57  Roach  
  185  8:59  Zergling x6  
  185  9:02  Overseer  
  172  9:03  Roach x2  
  172  9:05  Roach x2  
  172  9:07  Roach  
  169  9:11  Roach x2  
  169  9:13  Zergling x6  
  169  9:15  Ravager, Zergling x4  
  168  9:17  Ravager  
  168  9:19  Zergling x4  
  171  9:24  Roach x2  
  171  9:26  Roach  
  171  9:29  Roach x3  
  169  9:33  Overseer, Roach x3  
  164  9:40  Roach x2  
Show
View Real Time Build Order
Export as new Build Order

Gerald Protoss 

Build Orders: 1 Gate Expand, Oracle Opening 

Get SALT Encoding   

  12  0:00  Probe  
  13  0:12  Probe  
  14  0:19  Pylon  
  14  0:24  Probe  
  15  0:38  Probe (Chrono Boost)  
  15  0:41  Gateway  
  16  0:47  Probe (Chrono Boost)  
  17  0:50  Assimilator  
  17  0:53  Probe (Chrono Boost)  
  18  1:05  Probe  
  19  1:17  Probe  
  20  1:27  Nexus  
  20  1:37  Cybernetics Core  
  20  1:40  Probe  
  21  1:48  Assimilator  
  21  1:52  Probe  
  22  1:57  Pylon  
  22  2:04  Probe  
  23  2:13  Adept (Chrono Boost)  
  23  2:16  Probe  
  23  2:20  Stargate  
  26  2:29  Probe  
  27  2:31  Warp Gate  
  27  2:33  Adept (Chrono Boost)  
  29  2:40  Probe  
  29  2:41  Probe  
  31  2:52  Probe  
  31  2:53  Probe  
  31  2:56  Adept  
  31  2:58  Void Ray (Chrono Boost)  
  35  3:05  Probe x2  
  41  3:16  Pylon  
  41  3:17  Probe  
  41  3:18  Probe  
  43  3:23  Gateway  
  43  3:31  Probe x2, Oracle (Chrono Boost)  
  48  3:43  Probe x2  
  50  3:52  Pylon  
  50  3:55  Twilight Council, Probe  
  50  3:56  Probe  
  51  4:10  Probe  
  51  4:11  Probe  
  51  4:13  Gateway  
  51  4:16  Gateway  
  53  4:23  Adept x2, Probe x2  
  58  4:25  Resonating Glaives (Chrono Boost)  
  58  4:35  Probe x2  
  59  4:40  Pylon  
  59  4:45  Adept  
  61  4:49  Nexus, Pylon  
  61  4:51  Pylon  
  61  4:58  Probe  
  62  5:00  Probe  
  62  5:01  Assimilator  
  62  5:02  Adept  
  62  5:03  Forge  
  65  5:09  Adept x2  
  65  5:14  Probe  
  70  5:17  Probe  
  71  5:25  Adept  
  71  5:26  Adept, Probe  
  73  5:29  Probe  
  73  5:33  Adept  
  76  5:36  Adept  
  76  5:37  Protoss Ground Weapons Level 1 (Chrono Boost)  
  76  5:41  Probe x2  
  80  5:43  Blink (Chrono Boost)  
  80  5:53  Probe  
  80  5:54  Probe  
  80  5:55  Gateway x2  
  80  6:01  Probe  
  81  6:10  Probe  
  74  6:16  Probe  
  69  6:20  Stalker, Sentry x2  
  69  6:21  Probe (Chrono Boost)  
  69  6:22  Probe (Chrono Boost)  
  69  6:23  Shield Battery  
  77  6:26  Photon Cannon, Stalker  
  77  6:27  Photon Cannon  
  77  6:29  Assimilator, Probe (Chrono Boost), Shield Battery  
  81  6:33  Probe (Chrono Boost)  
  81  6:38  Gateway  
  81  6:39  Gateway, Probe (Chrono Boost)  
  83  6:40  Probe (Chrono Boost)  
  83  6:41  Probe (Chrono Boost)  
  83  6:44  Probe (Chrono Boost)  
  83  6:45  Probe (Chrono Boost)  
  85  6:47  Probe  
  85  6:49  Assimilator  
  85  6:52  Robotics Facility  
  87  6:55  Assimilator  
  87  6:58  Stalker  
  87  6:59  Stalker x2  
  93  7:07  Pylon  
  93  7:08  Pylon  
  93  7:10  Pylon  
  93  7:12  Stalker x2  
  93  7:13  Stalker  
  99  7:16  Pylon  
  99  7:33  Nexus  
  99  7:34  Pylon  
  99  7:36  Stalker x2  
  103  7:38  Warp Prism (Chrono Boost)  
  103  7:41  Charge (Chrono Boost)  
  103  7:43  Stalker  
  107  7:44  Stalker  
  107  7:49  Probe  
  110  7:57  Stalker  
  110  7:58  Stalker x3  
  118  8:09  Probe  
  118  8:10  Robotics Bay  
  117  8:15  Observer  
  117  8:19  Probe  
  119  8:20  Probe  
  119  8:22  Stalker x3  
  124  8:28  Stalker x2, Zealot  
  124  8:29  Zealot x2  
  124  8:33  Probe  
  123  8:35  Stalker x2  
  123  8:36  Stalker x2  
  109  8:59  Zealot  
  109  9:00  Zealot x4  
  101  9:15  Disruptor (Chrono Boost)  
  96  9:21  Zealot x5  
  89  9:34  Zealot  
  79  9:44  Zealot x5  
  82  9:46  Probe  

Tags
 
Add a new tag
Caveats
  • Supply blocks, unpowered buildings, or Contaminate may cause inaccurate times.
  • Supply counts are checked every 10 seconds.